 Dungeon Crawl Stone Soup version 0.18-a0-1273-g8ec5f8e (webtiles) character file.

103226 dvd the Fighter (level 15, -15/137 HPs)
             Began as a Minotaur Berserker on Feb 7, 2016.
             Was the Champion of Trog.
             Demolished by an Ice Fiend (22 damage)
             ... in an ice cave.
             The game lasted 02:24:00 (27984 turns).

dvd the Fighter (Minotaur Berserker)               Turns: 27984, Time: 02:24:03

Health: -15/137    AC: 27    Str: 33    XL:     15   Next: 88%
Magic:  4/14       EV: 19    Int:  4    God:    Trog [******]
Gold:   2070       SH:  3    Dex: 21    Spells: 0 memorised, 14 levels left

rFire  + . .     SeeInvis .     d - +4 quarterstaff (chaos)
rCold  + . .     Gourm    .     y - +4 chain mail {rF+}
rNeg   . . .     Faith    .     (shield currently unavailable)
rPois  +         Spirit   .     m - +2 hat of the High Council {Archmagi, Wiz- Stlth-}
rElec  .         Dismiss  .     j - +0 cloak "Ynloelyu" {rPois Str+4}
rCorr  .         Reflect  +     T - +2 pair of gloves {Str+3}
SustAt .         Harm     .     B - +2 pair of boots "Yduleg" {-Cast +Fly rPois Str+4}
MR     +++..     NoCast   +     w - +3 amulet of reflection
Stlth  ..........               k - +5 ring of dexterity
                                S - +4 ring of slaying

@: very slightly contaminated, regenerating, hasted, very quick, extremely
resistant to hostile enchantments, extremely unstealthy
A: retaliatory headbutt, horns 2, talons 1, cold resistance 1, screaming 1,
MP-powered wands
a: Berserk, Trog's Hand, Brothers in Arms, Burn Spellbooks, Renounce Religion,
Evoke Flight


You were in an ice cave.
You worshipped Trog.
Trog was exalted by your worship.
You were not hungry.

You visited 5 branches of the dungeon, and saw 25 of its levels.
You also visited: Bailey and Ice Cave.

You collected 2658 gold pieces.
You spent 588 gold pieces at shops.

Inventory:

Hand Weapons
 a - a +1 war axe of venom
 b - a +8 hunting sling of evasion
 c - a +0 triple crossbow of velocity
 d - a +4 quarterstaff of chaos (weapon)
 e - the +7 shortbow "Jedid" {freeze, rPois}
   (You bought it in a shop on level 11 of the Dungeon)

   It causes projectiles fired from it to freeze those they strike, causing
   extra injury to most foes and up to half again as much damage against
   particularly susceptible opponents.
   They can also slow down cold-blooded creatures.
   It protects you from poison.
 g - a +1 antimagic executioner's axe
 u - the +5 war axe of Parts Unknown {freeze, Dex+2}
   (You found it on level 7 of the Lair of Beasts)

   It has been specially enchanted to freeze those struck by it, causing extra
   injury to most foes and up to half again as much damage against particularly
   susceptible opponents.
   It can also slow down cold-blooded creatures.
   It affects your dexterity (+2).
 H - a +3 great mace of crushing
Missiles
 i - 17 arrows of frost
 p - 2 sling bullets of flame
 r - 130 bolts
 s - 9 poisoned arrows
 x - 6 javelins (quivered)
 z - 99 sling bullets
 E - 11 steel sling bullets
 J - 16 arrows of flame
 O - 199 arrows
Armour
 j - the +0 cloak "Ynloelyu" (worn) {rPois Str+4}
   (You found it on level 8 of the Lair of Beasts)

   It affects your strength (+4).
   It protects you from poison.
 m - the +2 hat of the High Council (worn) {Archmagi, Wiz- Stlth-}
   (You found it on level 2 of the Spider Nest)

   It makes you less stealthy.
 y - a +4 chain mail of fire resistance (worn)
 B - the +2 pair of boots "Yduleg" (worn) {-Cast +Fly rPois Str+4}
   (You acquired it on level 1 of the Lair of Beasts)

   It affects your strength (+4).
   It protects you from poison.
   It lets you fly.
   It prevents spellcasting.
 T - a +2 pair of gloves of strength (worn)
 Y - a +0 shield of fire resistance
Jewellery
 h - an uncursed ring of protection from cold
 k - a +5 ring of dexterity (right hand)
 w - a +3 amulet of reflection (around neck)
 K - an uncursed ring of resist corrosion
 R - a +4 ring of evasion
 S - a +4 ring of slaying (left hand)
Wands
 f - a wand of disintegration (5/24)
 l - a wand of iceblast (6/15)
 D - a wand of iceblast (8/15)
 M - a wand of teleportation (7/9)
Scrolls
 n - 2 scrolls of recharging
 v - a scroll of magic mapping
 F - 5 scrolls of remove curse
 L - a scroll of teleportation
 N - 14 scrolls of identify
 X - 6 scrolls of blinking
Potions
 G - 2 potions of agility
 P - a potion of haste
 Q - 6 potions of flight
Comestibles
 o - a beef jerky
 q - 12 bread rations
 t - 16 slices of pizza
 U - 11 meat rations
 W - 25 fruits


   Skills:
 + Level 13.8 Fighting
 + Level 10.1(10.9) Axes
 + Level 6.7(11.7) Maces & Flails
 + Level 11.4(12.1) Staves
 + Level 10.9(11.2) Slings
 + Level 9.3 Bows
 + Level 9.2 Crossbows
 + Level 4.0(7.6) Throwing
 + Level 13.6 Armour
 + Level 12.0 Dodging
 + Level 4.2 Stealth
 + Level 1.9 Shields
 + Level 0.7 Unarmed Combat


You had 14 spell levels left.
You didn't know any spells.

Dungeon Overview and Level Annotations

Branches:
Dungeon (12/15)            Temple (1/1) D:4            Lair (8/8) D:11
 Shoals (0/4) Lair:5       Spider (2/4) Lair:4        Slime (0/6) Lair:7
    Orc (2/2) D:12            Elf (0/3) Orc:2

Altars:
Ashenzari
Cheibriados
Dithmenos
Elyvilon
Fedhas
Gozag
Kikubaaqudgha
Makhleb
Nemelex Xobeh
Okawaru
Pakellas
Qazlal
Ru
Sif Muna
Trog
Vehumet
Xom
Yredelemnul
Zin
The Shining One
Beogh
Jiyva

Shops:
D:6 *   D:9 *   D:11 ****:   Orc:2 %*:*

Annotations:
D:10 4 runed doors


Innate Abilities, Weirdness & Mutations

You reflexively headbutt those who attack you in melee.
You have a pair of horns on your head.
You have sharp toenails.
Your flesh is cold resistant.
You occasionally shout uncontrollably at your foes.
You expend magic power (3 MP) to strengthen your wands.


Message History

You headbutt the Ice Fiend, but do no damage.
The Ice Fiend is moderately wounded.
The Ice Fiend claws you.
* * * LOW HITPOINT WARNING * * *
The Ice Fiend freezes you! You resist.
* * * LOW HITPOINT WARNING * * *
The Ice Fiend claws you but does no damage.
Drink which item? (? for menu, Esc to quit)
You feel better.
The Ice Fiend claws you but does no damage.
The Ice Fiend barely misses you.
You hit the Ice Fiend but do no damage.
The Ice Fiend is poisoned.
The Ice Fiend is moderately wounded.
You hit the Ice Fiend. Your headbutt misses the Ice Fiend.
The Ice Fiend is moderately wounded.
You feel the effects of Trog's Hand fading.
The Ice Fiend claws you.
* * * LOW HITPOINT WARNING * * *
The Ice Fiend freezes you!! You resist.
You die...

##.##..##
##.##.## #....
#.##..# #....#
##.##.## #.....
#.###..## ...Z1#
##..###..## ..WW
#.##..#...#
#.4###.#.#.#...#
#..#@..≈.###..#
#.§1##≈## #..#
##.##≈≈#≈ ##.#
###≈≈≈≈≈ ##.#
#≈≈≈≈≈##.##
≈≈≈≈≈≈≈#.#
≈≈≈≈≈≈≈≈≈##
≈≈≈≈≈≈≈≈≈≈##
#≈≈≈≈≈#≈≈#


You could see an Ice Fiend.

Vanquished Creatures
  Kirke (Lair:8)
  A stone giant (Orc:1)
  An entropy weaver (Spider:1)
  Fannar (Lair:2)
  An ice dragon (Lair:7)
  A catoblepas (Lair:8)
  5 hydras
  12 death yaks
  11 orc high priests
  A queen ant (Lair:2)
  2 hill giants (D:12)
  An orc knight (Bailey)
  Pikel (D:7)
  A lindwurm (Bailey)
  The ghost of Foomius the Grave Robber, a novice DsNe of Okawaru (D:4)
  10 wolf spiders
  7 orb spiders
  An ugly thing (D:8)
  2 orc sorcerers (Orc:2)
  2 cyclopes
  2 sirens (Lair:5)
  2 griffons
  20 elephants
  The ghost of PeterLawrence the Basher, a novice GrFi of Okawaru (D:7)
  An ice statue (IceCv)
  7 black mambas
  A centaur zombie (D:12)
  10 spiny frogs
  A kobold demonologist (Bailey)
  10 komodo dragons
  A demonic crawler (Spider:2)
  4 ice devils (IceCv)
  5 freezing wraiths (IceCv)
  6 anaconda simulacra (IceCv)
  5 fire drakes
  14 polar bears
  A troll (Orc:2)
  A spriggan druid (Lair:8)
  A golden dragon simulacrum (IceCv)
  10 jumping spiders
  A two-headed ogre (Orc:1)
  Prince Ribbit (D:7)
  12 blink frogs
  2 boulder beetles
  Sigmund (D:3)
  A vampire (D:11)
  13 spriggans (Lair:8)
  8 tarantellas
  30 redbacks
  49 yaks
  2 basilisks
  4 hogs (Lair:8)
  3 wyverns
  A hungry ghost (D:11)
  2 vampire mosquitoes (D:12)
  7 hippogriffs
  A harpy simulacrum (IceCv)
  20 wolves
  8 wargs
  2 iron troll simulacra (IceCv)
  7 soldier ants
  15 porcupines
  4 hydra simulacra (IceCv)
  12 water moccasins
  9 ice beasts
  2 sky beasts
  An alligator simulacrum (IceCv)
  8 black bears
  22 orc warriors
  An ettin simulacrum (IceCv)
  4 wasps
  A necrophage (D:7)
  7 ogres
  A phantom (D:6)
  3 centaurs
  15 crocodiles
  15 giant frogs
  A big kobold (D:10)
  A wyvern skeleton (D:12)
  4 scorpions
  The ghost of namelastname112 the Shooter, a weakling DrHu (D:3)
  21 killer bees
  An elephant simulacrum (IceCv)
  8 electric eels
  3 wights (D:10)
  5 crimson imps
  2 draconian simulacra (IceCv)
  2 quasits
  25 orc priests
  A jelly (D:7)
  Crazy Yiuf (D:3)
  3 gnoll shamans
  22 orc wizards
  Ijyb (D:2)
  4 giant frog skeletons
  Terence (D:3)
  7 iguanas
  A troll simulacrum (IceCv)
  13 worker ants
  7 hell rats (Lair:5)
  2 spriggan simulacra (IceCv)
  A centaur simulacrum (IceCv)
  A hound zombie (D:7)
  A hound skeleton (D:4)
  A worker ant zombie (D:7)
  17 gnolls
  17 adders
  3 ogre simulacra (IceCv)
  46 river rats
  2 naga simulacra (IceCv)
  2 shadow imps (D:6)
  7 white imps (IceCv)
  9 ufetubi (IceCv)
  An ooze (D:2)
  3 adder skeletons
  2 adder zombies (D:2)
  5 worms
  5 giant geckos
  109 orcs
  8 bats
  3 bat skeletons (D:2)
  A bat zombie (D:2)
  5 giant cockroaches
  21 goblins
  21 hobgoblins
  13 jackals
  16 kobolds
  2 quokkas
  2 ball pythons
  A giant cockroach zombie (D:2)
  2 giant newts
  A jackal skeleton (D:2)
  A quokka skeleton (D:4)
  5 rats
  A fungus (Lair:3)
  10 plants
943 creatures vanquished.

Vanquished Creatures (collateral kills)
  A quokka (D:5)
1 creature vanquished.

Vanquished Creatures (others)
  4 slaves (D:7)
  An orc wizard (D:7)
  A gnoll (D:7)
  3 ufetubi (IceCv)
  A bush (Lair:7)
  24 fungi
  34 plants
68 creatures vanquished.

Grand Total: 1012 creatures vanquished

Notes
Turn   | Place    | Note
--------------------------------------------------------------
     0 | D:1      | dvd the Minotaur Berserker began the quest for the Orb.
     0 | D:1      | Reached XP level 1. HP: 19/19 MP: 0/0
   243 | D:1      | Reached XP level 2. HP: 24/27 MP: 1/1
   275 | D:1      | Reached skill level 4 in Fighting
   619 | D:1      | Reached XP level 3. HP: 25/34 MP: 2/2
   771 | D:1      | Reached ** piety under Trog
  1316 | D:2      | Noticed Ijyb
  1323 | D:2      | Killed Ijyb
  1323 | D:2      | Reached XP level 4. HP: 41/41 MP: 3/3
  1786 | D:2      | Reached XP level 5. HP: 40/47 MP: 4/4
  1892 | D:3      | Found a white marble altar of Elyvilon.
  1903 | D:3      | Noticed an ogre
  1912 | D:3      | Killed an ogre
  1912 | D:3      | Reached skill level 5 in Maces & Flails
  1912 | D:3      | Reached skill level 1 in Slings
  1912 | D:3      | Reached skill level 1 in Stealth
  2089 | D:3      | Noticed Terence
  2099 | D:3      | Killed Terence
  2100 | D:3      | Reached *** piety under Trog
  2189 | D:3      | Reached XP level 6. HP: 55/55 MP: 5/5
  2361 | D:3      | Received a gift from Trog
  2513 | D:3      | Reached skill level 5 in Fighting
  2673 | D:3      | Noticed Sigmund
  2713 | D:3      | Killed Sigmund
  2713 | D:3      | Reached skill level 1 in Axes
  2817 | D:3      | Noticed namelastname112's ghost (weakling DrHu)
  2825 | D:3      | Killed namelastname112's ghost
  2825 | D:3      | Reached XP level 7. HP: 36/61 MP: 6/6
  3007 | D:3      | Noticed Crazy Yiuf
  3017 | D:3      | Killed Crazy Yiuf
  3408 | D:4      | Found a staircase to the Ecumenical Temple.
  3554 | D:4      | Noticed Foomius's ghost (novice DsNe)
  3559 | D:4      | Killed Foomius's ghost
  3559 | D:4      | Reached skill level 6 in Fighting
  3559 | D:4      | Reached skill level 1 in Staves
  3559 | D:4      | Reached skill level 5 in Slings
  3559 | D:4      | Reached XP level 8. HP: 71/71 MP: 7/7
  3804 | D:4      | Reached skill level 5 in Armour
  3972 | Temple   | Entered the Ecumenical Temple
  4360 | D:5      | Entered Level 5 of the Dungeon
  4642 | D:5      | Reached **** piety under Trog
  4642 | D:5      | Reached skill level 7 in Fighting
  4675 | D:5      | Received a gift from Trog
  4815 | D:5      | Found a sacrificial altar of Ru.
  5300 | D:6      | Found an iron altar of Okawaru.
  5337 | D:6      | Reached skill level 5 in Dodging
  5371 | D:6      | Found an ancient bone altar of Kikubaaqudgha.
  5543 | D:6      | Found Dufat's General Store.
  5570 | D:6      | Reached XP level 9. HP: 68/79 MP: 8/8
  5910 | D:6      | Found a shadowy altar of Dithmenos.
  6201 | D:7      | Noticed PeterLawrence's ghost (novice GrFi)
  6207 | D:7      | Killed PeterLawrence's ghost
  6207 | D:7      | Reached skill level 5 in Staves
  6207 | D:7      | Reached skill level 1 in Throwing
  6210 | D:7      | Reached ***** piety under Trog
  6320 | D:7      | Noticed Pikel
  6329 | D:7      | Killed Pikel
  6329 | D:7      | Reached skill level 8 in Fighting
  6341 | D:7      | Received a gift from Trog
  6347 | D:7      | Reached skill level 1 in Bows
  6604 | D:7      | Noticed Prince Ribbit
  6610 | D:7      | Killed Prince Ribbit
  6610 | D:7      | Reached XP level 10. HP: 90/90 MP: 9/9
  7147 | D:7      | Reached skill level 9 in Armour
  7151 | D:7      | Received a gift from Trog
  7582 | D:8      | Found a glowing silver altar of Zin.
  7787 | D:8      | Noticed a red ugly thing
  7796 | D:8      | Killed a red ugly thing
  8310 | D:9      | Received a gift from Trog
  8479 | D:9      | Gained mutation: Your spells are a little harder to cast, but a little more powerful. [potion of beneficial mutation]
  8648 | D:9      | Found Gemp's Assorted Antiques.
  8962 | D:9      | Noticed a cyclops
  8972 | D:9      | Killed a cyclops
  8972 | D:9      | Reached skill level 10 in Armour
  8972 | D:9      | Reached skill level 1 in Shields
  9075 | D:10     | Entered Level 10 of the Dungeon
  9158 | D:10     | Found a huge runed gate.
  9158 | D:10     | Found a huge runed gate.
  9158 | D:10     | Found a huge runed gate.
  9158 | D:10     | Found a huge runed gate.
  9255 | D:10     | Found a shadowy altar of Dithmenos.
 10160 | D:11     | Found Tuokud's Assorted Antiques.
 10177 | D:11     | Found Buril's General Store.
 10179 | D:11     | Bought a pair of runed gloves for 112 gold pieces
 10184 | D:11     | Bought a bone war axe for 212 gold pieces
 10184 | D:11     | Identified the cursed +1 war axe of Expedience {chop, -Tele rC- rN+++ MP+9} (You bought it in a shop on level 11 of the Dungeon)
 10210 | D:11     | Found Uhit's Assorted Antiques.
 10248 | D:11     | Reached XP level 11. HP: 85/97 MP: 10/10
 10249 | D:11     | Found a staircase to the Lair.
 10302 | D:11     | Found Veuk's Book Boutique.
 10332 | D:11     | Found Baggetuu's Assorted Antiques.
 10338 | D:11     | Bought a fine shortbow for 264 gold pieces
 10347 | D:11     | Identified the +7 shortbow "Jedid" {freeze, rPois} (You bought it in a shop on level 11 of the Dungeon)
 10506 | D:11     | Found a bloodstained altar of Trog.
 10667 | D:12     | Got an iridescent mace
 10682 | D:12     | Identified the +4 mace of Growth {vamp, rC+ Int+3} (You found it on level 12 of the Dungeon)
 10750 | D:12     | Found a flagged portal.
 10761 | Bailey   | Entered a bailey
 10783 | Bailey   | Received a gift from Trog
 10836 | Bailey   | Found an iron altar of Okawaru.
 10836 | Bailey   | Noticed an orc high priest
 10850 | Bailey   | Killed an orc high priest
 10912 | Bailey   | Reached skill level 1 in Crossbows
 11087 | Bailey   | Lost mutation: Your spells are a little harder to cast, but a little more powerful. [potion of cure mutation]
 11088 | Bailey   | Gained mutation: Your flesh is cold resistant. [potion of beneficial mutation]
 11091 | Bailey   | Gained mutation: You have sharp toenails. [potion of mutation]
 11091 | Bailey   | Gained mutation: You occasionally shout uncontrollably at your foes. [potion of mutation]
 11112 | Bailey   | Got an ancient robe
 11123 | Bailey   | Identified the cursed +1 robe "Gonuh" {rPois Regen+ Dex-3} (You found it in a bailey)
 11143 | Bailey   | Noticed a lindwurm
 11148 | Bailey   | Killed a lindwurm
 11598 | Bailey   | Noticed an orc knight
 11610 | Bailey   | Killed an orc knight
 11959 | D:12     | Found a staircase to the Orcish Mines.
 12110 | D:12     | Noticed a hill giant
 12118 | D:12     | Killed a hill giant
 12118 | D:12     | Reached skill level 11 in Armour
 12188 | D:12     | Noticed a hill giant
 12250 | D:12     | Killed a hill giant
 12250 | D:12     | Reached skill level 10 in Fighting
 12881 | D:12     | Reached XP level 12. HP: 95/106 MP: 11/11
 13072 | Lair:1   | Entered Level 1 of the Lair of Beasts
 13166 | Lair:1   | Got a pair of faintly humming boots
 13177 | Lair:1   | Identified the +2 pair of boots "Yduleg" {-Cast +Fly rPois Str+4} (You acquired it on level 1 of the Lair of Beasts)
 13876 | Lair:2   | Reached ****** piety under Trog
 13996 | Lair:2   | Received a gift from Trog
 14236 | Lair:2   | Noticed Fannar
 14250 | Lair:2   | Killed Fannar
 14449 | Lair:2   | Noticed a queen ant
 14462 | Lair:2   | Killed a queen ant
 15022 | Lair:3   | Noticed a six-headed hydra
 15032 | Lair:3   | Killed a six-headed hydra
 15048 | Lair:3   | Reached skill level 10 in Staves
 15234 | Lair:3   | Noticed a five-headed hydra
 15240 | Lair:3   | Killed a five-headed hydra
 15240 | Lair:3   | Reached skill level 5 in Bows
 15946 | Lair:4   | Received a gift from Trog
 15956 | Lair:4   | Reached skill level 5 in Axes
 15959 | Lair:4   | Reached XP level 13. HP: 73/115 MP: 12/12
 16144 | Lair:4   | Found a hole to the Spider Nest.
 16525 | Lair:4   | Reached skill level 12 in Armour
 17154 | Lair:5   | Got a slimy dagger
 17155 | Lair:5   | Lost intelligence.
 17155 | Lair:5   | Identified the +5 dagger of Hacking and Slashing {pierce, Fragile MR+++ MP+9 Int-4} (You found it on level 5 of the Lair of Beasts)
 17404 | Lair:5   | Found a staircase to the Shoals.
 17584 | Lair:5   | You fall through a shaft!
 17590 | Lair:6   | Got a translucent great sword
 17591 | Lair:6   | Identified the +4 great sword of the Peculiar Suns {slice, *Drain rN++} (You found it on level 6 of the Lair of Beasts)
 17779 | Lair:6   | Received a gift from Trog
 17940 | Lair:6   | Reached skill level 10 in Dodging
 18571 | Lair:6   | Reached skill level 5 in Crossbows
 18922 | Lair:7   | Received a gift from Trog
 19098 | Lair:7   | Received a gift from Trog
 19415 | Lair:7   | Found a viscous altar of Jiyva.
 19415 | Lair:7   | Found a staircase to the Slime Pits.
 19447 | Lair:7   | Reached XP level 14. HP: 90/126 MP: 13/13
 20228 | Lair:7   | Got a slimy war axe
 20229 | Lair:7   | Identified the +5 war axe of Parts Unknown {freeze, Dex+2} (You found it on level 7 of the Lair of Beasts)
 20827 | Lair:8   | Entered Level 8 of the Lair of Beasts
 20993 | Lair:8   | Noticed Kirke
 21510 | Lair:8   | Received a gift from Trog
 21851 | Lair:8   | Got a jewelled cloak
 21862 | Lair:8   | Identified the +0 cloak "Ynloelyu" {rPois Str+4} (You found it on level 8 of the Lair of Beasts)
 21968 | Lair:8   | Reached skill level 13 in Armour
 22389 | Lair:8   | Killed Kirke
 22627 | Lair:8   | Received a gift from Trog
 23018 | Orc:1    | Entered Level 1 of the Orcish Mines
 23092 | Orc:1    | Noticed a stone giant
 23104 | Orc:1    | Killed a stone giant
 23255 | Orc:2    | Entered Level 2 of the Orcish Mines
 23328 | Orc:2    | Found a staircase to the Elven Halls.
 23374 | Orc:2    | Reached XP level 15. HP: 135/135 MP: 14/14
 23765 | Orc:2    | Found a roughly hewn altar of Beogh.
 23801 | Orc:2    | Gained mutation: You expend magic power (3 MP) to strengthen your wands. [a neqoxec]
 24498 | Orc:2    | Reached skill level 10 in Slings
 24917 | Orc:2    | Found Nos Puha's General Store.
 24917 | Orc:2    | Found Fuugur's Book Boutique.
 24997 | Orc:2    | Found Zyukhax's Assorted Antiques.
 24997 | Orc:2    | Found Iloaveatt's Food Boutique.
 25191 | Orc:2    | Received a gift from Trog
 25520 | Spider:1 | Entered Level 1 of the Spider Nest
 26384 | Spider:1 | Received a gift from Trog
 26625 | Spider:2 | Found a frozen archway.
 26636 | Spider:2 | Received a gift from Trog
 26690 | Spider:2 | Reached skill level 10 in Axes
 26770 | IceCv    | Entered an ice cave
 27957 | IceCv    | Noticed an Ice Fiend
 27969 | IceCv    | Received a gift from Trog
 27979 | IceCv    | HP: 5/137 [??? (2)]
 27981 | IceCv    | HP: 2/137 [Ice Fiend (13)]
 27984 | IceCv    | Demolished by an Ice Fiend

Vault maps used:
D:1:      lightli_arrival_noodles
D:2:      serial_undead, serial_undead_f, serial_undead_a, serial_undead_f,
          serial_undead_a, uniq_iyjb
D:3:      elyvilon_altar_1, first_bread, uniq_crazy_yiuf_cottage, uniq_sigmund,
          uniq_terence
D:4:      minmay_temple_entry_grid
D:5:      hangedman_decor_clover_reticule, nicolae_ru_great_annihilating_truth
D:6:      kiku_gazebo_pond_becter, okawaru_metal_pillars_1_2, serial_shops,
          shop, grunt_dithmenos_shadows
D:7:      uniq_pikel, uniq_prince_ribbit1
D:8:      lemuel_crystal_altar, grunt_pizzeria
D:9:      serial_shops, shop, st_stairs_11, lightli_minifort
D:10:     lemuel_bear_cage, basic_altar
D:11:     lair_0_dummy, basic_altar, serial_shops, nicolae_shop_stone, shop,
          shop, nicolae_shop_statue_plus, kennysheep_mini_moat
D:12:     minmay_orc_entry_guard_dogs, enter_bailey_8
Temple:   nicolae_temple_x_marks_the_god_16
Lair:1:   st_stairs_7, grunt_megastairs_1
Lair:2:   wad_woods_antlair, uniq_fannar
Lair:3:   beast_lair_carwin_large_2, serial_bayou_ford_a
Lair:4:   spider_nest_entry_rubble, st_stairs_12, minmay_lair_drake_nest
Lair:5:   elwin_shoals_entry_rooms, infiniplex_staircase_pool_2
Lair:7:   dragon1_lemuel, slime_altar_1, minivault_25, lemuel_fruit_tree,
          grunt_megastairs_5, lemuel_fruit_fields
Lair:8:   minmay_lair_end_enchanted_forest, grunt_forest_stairs_basic,
          uniq_kirke
Spider:1: guppyfry_spider_mini_3
Spider:2: portal_ice_cave_entry_ice_beasts, spider_trap,
          nicolae_spider_webs_and_nodes
Orc:2:    st_orc_town
Bailey:   bailey_axe_of_yendor_kennysheep, bailey
IceCv:    ice_cave_caverns_02

Action                   |  1- 3 |  4- 6 |  7- 9 | 10-12 | 13-15 || total
-------------------------+-------+-------+-------+-------+-------++-------
Melee: Mace              |    70 |    42 |       |       |       ||   112
       War axe           |       |    35 |       |    38 |   209 ||   282
       Flail             |       |    43 |    11 |    50 |     1 ||   105
       Quarterstaff      |       |       |   223 |   277 |   254 ||   754
       Broad axe         |       |       |       |    12 |       ||    12
       Morningstar       |       |       |       |    39 |       ||    39
       Executioner's axe |       |       |       |    38 |   110 ||   148
       Unarmed           |       |       |       |       |    19 ||    19
       Great mace        |       |       |       |       |    10 ||    10
       Hunting sling     |       |       |       |       |     5 ||     5
 Fire: Hunting sling     |       |    64 |    24 |   117 |   150 ||   355
       Shortbow          |       |       |     9 |    82 |   168 ||   259
       Arbalest          |       |       |       |    23 |       ||    23
       Triple crossbow   |       |       |       |       |   251 ||   251
Throw: Javelin           |       |       |     5 |    23 |    14 ||    42
       Tomahawk          |       |       |       |     1 |       ||     1
Invok: Berserk           |     2 |     3 |     3 |     7 |       ||    15
       Trog's Hand       |       |     1 |       |     1 |    11 ||    13
       Burn Spellbooks   |       |       |       |     6 |     2 ||     8
  Use: Potion            |       |     1 |       |    13 |    12 ||    26
       Scroll            |       |       |    12 |    11 |    17 ||    40
 Stab: Paralysed         |       |       |     5 |       |       ||     5
       Petrifying        |       |       |       |     2 |       ||     2
       Confused          |       |       |       |     1 |       ||     1
       Petrified         |       |       |       |       |     2 ||     2
  Eat: Chunk             |     2 |     9 |    16 |    31 |    34 ||    92
       Beef jerky        |       |       |       |     2 |     5 ||     7
       Royal jelly       |       |       |       |     2 |       ||     2
